 Dungeon Crawl Stone Soup version 0.19.0-2-gae57169 (webtiles) character file.

129 Jorund the Chopper (level 4, -2/33 HPs)
             Began as a Demonspawn Gladiator on Nov 3, 2016.
             Slain by an orc priest (5 damage)
             ... on level 3 of the Dungeon.
             The game lasted 00:04:59 (1748 turns).

Jorund the Chopper (Demonspawn Gladiator)           Turns: 1748, Time: 00:05:00

Health: -2/33      AC:  4    Str: 16    XL:     4   Next: 88%
Magic:  13/13      EV: 12    Int: 10    God:
Gold:   61         SH:  0    Dex: 11    Spells: 0 memorised, 3 levels left

rFire  . . .     SeeInvis .     a - +1 war axe
rCold  + . .     Gourm    .     b - +0 leather armour
rNeg   . . .     Faith    .     (no shield)
rPois  .         Spirit   .     c - +0 helmet
rElec  .         Reflect  .     (no cloak)
rCorr  .         Harm     .     (no gloves)
MR     .....     Rnd*Rage +     (no boots)
Stlth  ..........               (no amulet)
                                i - ring of magical power
                                o - ring of loudness (curse)

@: no status effects
A: berserk 1, blurry vision 1, clumsy 1, cold resistance 1, freezing cloud
immunity
a: no special abilities


You were on level 3 of the Dungeon.
You were not hungry.

You visited 1 branch of the dungeon, and saw 3 of its levels.

You collected 61 gold pieces.

Inventory:

Hand Weapons
 a - a +1 war axe (weapon)
Missiles
 d - 3 throwing nets (quivered)
 k - 5 javelins
Armour
 b - a +0 leather armour (worn)
 c - a +0 helmet (worn)
Jewellery
 i - a ring of magical power (right hand)
 o - a cursed ring of loudness (left hand)
Wands
 m - a wand of lightning (5/15)
Scrolls
 e - 3 scrolls of identify
 h - 2 scrolls of teleportation
 j - a scroll of fog {unknown}
 n - a scroll of remove curse {unknown}
Comestibles
 f - 4 bread rations
 l - 2 chunks of flesh


   Skills:
 - Level 2.0 Fighting
 + Level 5.0 Axes
 - Level 1.7 Throwing
 + Level 1.0 Armour
 - Level 2.6 Dodging


You had 3 spell levels left.
You didn't know any spells.

Dungeon Overview and Level Annotations

Branches:
Dungeon (3/15)

Altars:
Dithmenos
Uskayaw


Innate Abilities, Weirdness & Mutations

Your flesh is cold resistant. (rC+)
You are immune to freezing clouds.
You tend to lose your temper in combat.
Scrolls take you a little longer to read.
You are clumsy. (Dex -2)


Message History

You hit the orc priest.
The orc priest is moderately wounded.
You hit the orc.
The orc priest hits you but does no damage.
The orc closely misses you.
You hit the orc priest.
The orc priest is heavily wounded.
You barely miss the orc.
The orc priest mumbles some strange prayers to Beogh against you.
Beogh smites you!
* * * LOW HITPOINT WARNING * * *
The orc hits you.
* * * LOW HITPOINT WARNING * * *
You aren't carrying any potions.
You hit the orc priest.
The orc priest is severely wounded.
You hit the orc.
The orc priest looks braver for a moment.
The orc closely misses you. x2; The orc priest hits you.
You die...

#....#....#
#.#.......#
#.#.#######
########+#.#
#..........#
#%........(#
#.....!....#
#..o)o.....#
#...@......#
#.$).†.....#
#..........#
#..........#
############


You could see an orc priest and an orc.

Vanquished Creatures
  A crimson imp (D:3)
  2 adders (D:2)
  An ooze (D:2)
  A worm (D:2)
  2 dart slugs
  3 leopard geckos
  3 orcs (D:3)
  2 giant cockroaches
  5 hobgoblins
  2 jackals (D:1)
  3 kobolds
  A quokka (D:2)
  2 ball pythons (D:2)
  14 bats
  6 frilled lizards
  8 goblins
  4 rats (D:1)
60 creatures vanquished.

Notes
Turn   | Place    | Note
-------+----------+-------------------------------------------
     0 | D:1      | Jorund the Demonspawn Gladiator began the quest for the Orb.
     0 | D:1      | Reached XP level 1. HP: 16/16 MP: 1/1
    63 | D:1      | Reached skill level 3 in Axes
   153 | D:1      | Gained mutation: Your flesh is cold resistant. (rC+) [demonic ancestry]
   153 | D:1      | Reached XP level 2. HP: 19/22 MP: 2/2
   680 | D:1      | Reached XP level 3. HP: 27/27 MP: 3/3
   929 | D:2      | Found a shadowy altar of Dithmenos.
   974 | D:2      | Reached skill level 4 in Axes
  1144 | D:2      | Gained mutation: You are immune to freezing clouds. [demonic ancestry]
  1144 | D:2      | Reached XP level 4. HP: 7/33 MP: 4/4
  1145 | D:2      | Gained mutation: Scrolls take you a little longer to read. [potion of mutation]
  1145 | D:2      | Gained mutation: You tend to lose your temper in combat. [potion of mutation]
  1145 | D:2      | Gained mutation: You are clumsy. (Dex -2) [potion of mutation]
  1547 | D:3      | Found a hide-covered altar of Uskayaw.
  1711 | D:3      | Found a faded altar of an unknown god.
  1719 | D:3      | Reached skill level 1 in Armour
  1745 | D:3      | Reached skill level 5 in Axes
  1748 | D:3      | Slain by an orc priest

Skill      XL: |  1  2  3  4 |
---------------+-------------+-----
Axes           | 3 4 5 |  5.0
Armour         | 1 |  1.0
Fighting       | |  2.0
Throwing       | |  1.7
Dodging        | |  2.6

Action                   |  1- 3 |  4- 6 || total
-------------------------+-------+-------++-------
Melee: War axe           |   124 |    57 ||   181
  Use: Scroll            |       |     2 ||     2
       Potion            |       |     2 ||     2
  Eat: Chunk             |     1 |     2 ||     3
Armor: Leather armour    |    52 |    24 ||    76
Dodge: Dodged            |   121 |    51 ||   172
